 Dungeon Crawl Stone Soup version 0.28-a0-1506-g3893175d92 (webtiles) character file.

Game seed: 13965243477185429823

2399 shadowrider38 the Thaumaturge (level 9, -3/52 HPs)
             Began as a Deep Elf Fire Elementalist on Jan 14, 2022.
             Engulfed by a smoke demon's steam (5 damage)
             ... summoned by a kobold demonologist
             ... on level 7 of the Dungeon.
             The game lasted 00:28:22 (10862 turns).

shadowrider38 the Thaumaturge (DEFE)               Turns: 10862, Time: 00:28:23

Health: -3/52      AC:  2    Str:  5    XL:     9   Next: 23%
Magic:  6/25       EV: 23    Int: 31    God:
Gold:   263        SH:  0    Dex: 20    Spells: 16/28 levels left

rFire   . . .      SeeInvis .   (weapon currently unavailable)
rCold   . . .      Faith    .   (shield currently unavailable)
rNeg    . . .      Spirit   .   (armour currently unavailable)
rPois   x          Reflect  .   (helmet currently unavailable)
rElec   .          Harm     .   (cloak currently unavailable)
rCorr   .          Rampage  .   (gloves currently unavailable)
Will    .....                   (boots currently unavailable)
Stlth   +++.......              (no amulet)
HPRegen 0.17/turn               g - +6 ring of intelligence
MPRegen 0.19/turn               (no ring)

@: spider-form
A: venomous fangs, tiny
a: End Transformation


You were on level 7 of the Dungeon.
You were a venomous arachnid creature.
You visited 1 branch of the dungeon, and saw 7 of its levels.

You collected 263 gold pieces.

Inventory:

Hand Weapons
 a - a +2 dagger of venom
 w - a +1 flail of holy wrath
Missiles
 h - 172 stones
 j - 2 boomerangs
 l - 10 poisoned darts
Armour
 c - a +0 pair of boots (melded)
 d - a +0 robe (melded)
 o - a +4 scale mail
Magical Staves
 k - a staff of fire (melded)
Jewellery
 g - a +6 ring of intelligence (left front leg)
 x - a +4 ring of protection
Scrolls
 e - a scroll of torment {unknown}
 f - a scroll of noise {unknown}
 m - 2 scrolls of amnesia {unknown}
 q - a scroll of enchant weapon {unknown}
 s - a scroll of acquirement {unknown}
 v - a scroll of blinking {unknown}
Potions
 b - 6 potions of curing {unknown}
 n - 3 potions of brilliance {unknown}
 p - 2 potions of attraction {unknown}
 r - a potion of resistance {unknown}
 t - a potion of invisibility {unknown}
Miscellaneous
 u - a piece from Xom's chessboard (15/15)


   Skills:
 - Level 4.0 Fighting
 - Level 5.0 Dodging
 - Level 5.0 Stealth
 - Level 10.0 Spellcasting
 - Level 1.1 Conjurations
 - Level 4.0 Transmutations
 + Level 5.2 Fire Magic
 - Level 5.0 Evocations


You had 16 spell levels left.
You knew the following spells:

 Your Spells              Type           Power      Damage    Failure   Level
a - Foxfire               Conj/Fire      100%       2x1d9     4%          1
b - Scorch                Fire           94%        2d10      3%          2
c - Poisonous Vapours     Pois/Air       30%        N/A       14%         2
d - Spider Form           Tmut/Pois      27%        N/A       13%         3
e - Flame Wave            Conj/Fire      35%        2d7       22%         4

Your spell library contained the following spells:

 Spells                   Type           Power      Damage    Failure   Level
 Beastly Appendage        Tmut           80%        N/A       4%          1
 Wereblood                Tmut           40%        N/A       4%          2
 Magic Dart               Conj           88%        1d7       8%          1
 Conjure Flame            Conj/Fire      35%        6-21      10%         3
 Inner Flame              Hex/Fire       31%        N/A       11%         3
 Call Imp                 Summ           15%        N/A       14%         2
 Corpse Rot               Necr/Air       30%        N/A       14%         2
 Mephitic Cloud           Conj/Pois/Air  17%        N/A       22%         3
 Gell's Gravitas          Tloc           15%        N/A       24%         3
 Teleport Other           Tloc           15%        N/A       24%         3
 Dispersal                Tloc           7%         N/A       100%        6


Dungeon Overview and Level Annotations

Branches:
Dungeon (7/15)
 Temple: D:4-7

Altars:
Dithmenos
Elyvilon
Hepliaklqana
Kikubaaqudgha
Nemelex Xobeh
Vehumet
Beogh

Shops:
D:1 ?   D:6 (

Annotations:
D:4 exclusion: downstairs
D:5 3 runed translucent doors, osuadh's ghost, novice MiFi
D:6 exclusion: 2 yaks


Message History

The smoke demon is lightly wounded.
The flame wave engulfs the soul eater!
The soul eater is lightly wounded.
The flame wave engulfs the crimson imp.
The crimson imp completely resists.
The flame wave engulfs the shadow imp.
The shadow imp is heavily wounded.
The flame wave engulfs the shadow imp!
You kill the shadow imp!
The shadow imp disappears in a puff of smoke!
The flame wave engulfs the chaos spawn!
You kill the chaos spawn!
The chaos spawn degenerates into a cloud of primal chaos!
The flame wave engulfs the white imp!
The white imp is burned terribly!
The white imp is almost dead.
The soul eater completely misses you. The crimson imp misses you.
The smoke demon gestures at you. The ball of steam hits you!
* * * LOW HITPOINT WARNING * * *
Unknown command.
Press: ? - help, v - describe, . - travel
Here: a soul eater (lightly wounded, summoned)
The floor.
Unknown command.
Unknown command.
A wave of flame ripples out!
The flame wave engulfs the smoke demon.
The smoke demon resists.
The smoke demon is moderately wounded.
The flame wave engulfs the soul eater but does no damage.
The soul eater is lightly wounded.
The flame wave engulfs the crimson imp.
The crimson imp completely resists.
The flame wave engulfs the shadow imp!
You kill the shadow imp!
The shadow imp disappears in a puff of smoke!
The flame wave engulfs the kobold demonologist!
The kobold demonologist is severely wounded.
The flame wave engulfs the white imp but does no damage.
The white imp is almost dead.
You finish channelling waves of flame.
You are engulfed in a cloud of scalding steam.
You die...

#....# #..>........
###..## ##............#
..#...###.............##
.###..##...............#
.'.###....#............#
##...###)......)......
#......#.......ยง....#
#..#..##.###...35..####
......#..# #.K3s.....#
##...##..# ##5#####...#
.#'#.#..## ### #
...###..# (.##...##
#.#...## ###..## ..).##
...##


You could see a soul eater (summoned), a kobold demonologist, a smoke demon
(summoned), a crimson imp (summoned) and a white imp (summoned).

Vanquished Creatures
  Grinder (D:3)
  2 water moccasins (D:6)
  2 orc warriors
  A sky beast (D:7)
  A black bear (D:6)
  4 necrophages
  An ogre (D:7)
  3 centaurs
  A bullfrog (D:7)
  A wyvern zombie (D:7)
  A scorpion (D:6)
  2 howler monkeys (D:6)
  A centaur zombie (D:6)
  4 hounds
  A gnoll shaman (D:3)
  An orc priest (D:5)
  A bullfrog skeleton (D:4)
  A centaur skeleton (D:7)
  An iguana (D:5)
  7 orc wizards
  A killer bee zombie (D:6)
  A howler monkey skeleton (D:7)
  2 gnolls (D:3)
  6 adders
  2 ufetubi (D:5)
  3 worms
  A dart slug (D:2)
  19 orcs
  11 endoplasms
  5 giant cockroaches
  7 goblins
  10 hobgoblins
  4 jackals (D:5)
  2 kobolds
  3 quokkas
  8 ball pythons
  4 bats
  A frilled lizard (D:2)
  5 rats
  A spectral hobgoblin (D:7)
133 creatures vanquished.

Vanquished Creatures (collateral kills)
  A foxfire (D:3)
1 creature vanquished.

Vanquished Creatures (others)
  A wyvern skeleton (D:6)
  440 foxfires
  9 plants
450 creatures vanquished.

Grand Total: 584 creatures vanquished

Notes
Turn   | Place    | Note
-------+----------+-------------------------------------------
     0 | D:1      | shadowrider38 the Deep Elf Fire Elementalist began the
                  | quest for the Orb.
     0 | D:1      | Reached XP level 1. HP: 10/10 MP: 6/6
   542 | D:1      | Reached XP level 2. HP: 15/15 MP: 5/8
   655 | D:1      | Learned a level 2 spell: Scorch
   658 | D:1      | Learned a level 2 spell: Poisonous Vapours
   829 | D:1      | Found Suwydil's Magic Scroll Boutique.
  1303 | D:2      | Reached skill level 4 in Spellcasting
  1303 | D:2      | Reached XP level 3. HP: 15/19 MP: 1/10
  1680 | D:2      | Reached skill level 5 in Spellcasting
  1871 | D:2      | Found a faded altar of an unknown god.
  1873 | D:2      | Noticed a floating eye
  1878 | D:2      | Noticed a golden eye
  1897 | D:2      | Noticed a shining eye
  1897 | D:2      | Noticed a golden eye
  2188 | D:3      | Reached XP level 4. HP: 24/24 MP: 10/13
  2494 | D:3      | Noticed Grinder
  2495 | D:3      | Paralysed by Grinder for 4 turns
  2502 | D:3      | Killed Grinder
  2503 | D:3      | Reached skill level 5 in Dodging
  2503 | D:3      | Reached skill level 5 in Stealth
  2503 | D:3      | Reached skill level 1 in Fighting
  2503 | D:3      | Reached XP level 5. HP: 29/29 MP: 3/14
  2503 | D:3      | Reached XP level 6. HP: 34/34 MP: 3/15
  2597 | D:3      | Found a shadowy altar of Dithmenos.
  3324 | D:4      | Found an ancient bone altar of Kikubaaqudgha.
  3578 | D:4      | Reached skill level 1 in Evocations
  4056 | D:4      | Reached XP level 7. HP: 40/40 MP: 10/16
  4601 | D:5      | Entered Level 5 of the Dungeon
  5242 | D:5      | Reached skill level 5 in Evocations
  5263 | D:5      | Learned a level 3 spell: Spider Form
  5386 | D:5      | Reached skill level 1 in Transmutations
  5829 | D:5      | Found a runed translucent gate.
  5832 | D:5      | Found a runed translucent gate.
  5832 | D:5      | Found a runed translucent gate.
  5833 | D:5      | Noticed osuadh's ghost (novice MiFi)
  5835 | D:5      | Identified the +2 chain mail "Kozxoc" {Will+ Str-4 Int+6
                  | Dex+2}
  6023 | D:6      | Found Ajecvaobb's Weapon Shop.
  6064 | D:6      | Reached XP level 8. HP: 43/44 MP: 17/17
  6232 | D:6      | Reached skill level 6 in Spellcasting
  6489 | D:6      | Found a white marble altar of Elyvilon.
  6523 | D:6      | Reached skill level 7 in Spellcasting
  6710 | D:6      | Found a radiant altar of Vehumet.
  7249 | D:6      | Found a sparkling altar of Nemelex Xobeh.
  7697 | D:6      | Reached skill level 8 in Spellcasting
  8326 | D:5      | Reached skill level 9 in Spellcasting
  9133 | D:6      | Learned a level 4 spell: Flame Wave
  9138 | D:7      | Reached XP level 9. HP: 49/52 MP: 20/24
  9603 | D:7      | Reached skill level 10 in Spellcasting
  9935 | D:7      | Found a hazy altar of Hepliaklqana.
 10529 | D:7      | Noticed a kobold demonologist
 10535 | D:7      | Reached skill level 5 in Fire Magic
 10856 | D:7      | Noticed a soul eater
 10858 | D:7      | Noticed a smoke demon
 10861 | D:7      | HP: 2/52 [smoke demon/ball of steam[a kobold demonologist]
                  | (13)]
 10862 | D:7      | Engulfed by a smoke demon's steam

Illustrated notes

Levels and vault maps discovered:
D:1:      dpeg_arrival_renting, layout_loops_ring, serial_shops,
          nicolae_shop_statue_plus
D:2:      layout_rooms, hellmonk_ecumenical_altar_watching_god
D:3:      layout_rooms, mainiacjoe_overflow_paths, nrook_campfire,
          nicolae_grassy_gnolls, uniq_grinder
D:4:      layout_basic, nicolae_kikubaaqudgha_miasma_corner, minivault_26
D:5:      layout_rooms, biasface_ghost_orc_armoury
D:6:      layout_layer_cave, fiery_altar_vehumet,
          nicolae_overflow_hidden_temple, elyvilon_altar_1, serial_shops,
          nicolae_shop_bloodbath_and_beyond, hellmonk_bongcloud_opening,
          kennysheep_generic_room_15
D:7:      minmay_slanted_spiral_squares, layout_cave_pods,
          nicolae_hepliaklqana_monster_ancestors, minmay_temple_entry_hall

Skill      XL: |  1  2  3  4  5  6  7  8  9 |
---------------+----------------------------+-----
Stealth        | 3 5 |  5.0
Dodging        | 3 5 |  5.0
Spellcasting   | 4 5 9 10 | 10.0
Fire Magic     | 4 5 |  5.2
Fighting       | 1 2 4 |  4.0
Evocations     | 3 5 |  5.0
Transmutations | 4 |  4.0
Conjurations   | |  1.1

Action                   |  1- 3 |  4- 6 |  7- 9 || total
-------------------------+-------+-------+-------++-------
Melee: Dagger            |     1 |     9 |    16 ||    26
       Unarmed           |       |       |    91 ||    91
       Staff             |       |       |     1 ||     1
 Cast: Foxfire           |    33 |    59 |   156 ||   248
       Scorch            |    20 |    16 |     3 ||    39
       Spider Form       |       |       |    10 ||    10
       Flame Wave        |       |       |     2 ||     2
  Use: Scroll            |       |       |     2 ||     2
 Stab: Sleeping          |     1 |     1 |     3 ||     5
Armor: Robe              |     2 |     3 |    13 ||    18
       Skin              |       |       |    11 ||    11
Dodge: Dodged            |     6 |     6 |   175 ||   187

Table legend: (Time is in decaauts)
 A = Elapsed time spent in this place.
 B = Non-inter-level travel time spent in this place.
 C = Inter-level travel time spent in this place.
 D = Time resting spent in this place.
 E = Time spent auto-exploring this place.
 F = Levels seen in this place.
 G = Mean time per level.
                   A        B        C        D        E       F      G
               +--------+--------+--------+--------+--------+-----+--------+
         Total |  10875 |  10416 |    459 |   5234 |   3622 |   7 | 1553.6 |
       Dungeon |  10875 |  10416 |    459 |   5234 |   3622 |   7 | 1553.6 |
               +--------+--------+--------+--------+--------+-----+--------+

Top non-repeatable levels by time:
     D:6: 2617 daAuts
     D:4: 2084 daAuts
     D:7: 1728 daAuts
     D:1: 1404 daAuts
     D:5: 1362 daAuts
     D:2: 932 daAuts
     D:3: 746 daAuts
